 Dungeon Crawl Stone Soup version 0.25-a0-503-ge281fa673e (webtiles) character file.

Game seed: 12086308292893131617, levelgen mode: deterministic

81 Gargoyl the Skirmisher (level 4, -6/39 HPs)
             Began as a Centaur Abyssal Knight on Feb 13, 2020.
             Was a Believer of Lugonu.
             Killed from afar by an orc wizard (8 damage)
             ... with a magic dart
             ... on level 3 of the Dungeon.
             The game lasted 00:02:45 (2531 turns).

Gargoyl the Skirmisher (Centaur Abyssal Knight)     Turns: 2531, Time: 00:02:46

Health: -6/39      AC: 10    Str: 14    XL:     4   Next: 19%
Magic:  5/5        EV:  1    Int: 11    God:    Lugonu [**....]
Gold:   141        SH:  3    Dex: 10    Spells: 3/3 levels left

rFire    . . .     SeeInvis .   a - +1 hand axe
rCold    . . .     Gourm    .   k - +0 buckler
rNeg     . . .     Faith    .   l - +0 plate armour
rPois    .         Spirit   .   (no helmet)
rElec    .         Reflect  .   d - +0 cloak
rCorr    .         Harm     .   (no gloves)
MR       .....                  (no barding)
Stlth    ..........             (no amulet)
HPRegen  0.13/turn              (no ring)
MPRegen  0.09/turn              (no ring)

@: slowed
A: large, hooves 3, deformed body, speed 2, tough skin 3
a: Depart the Abyss, Bend Space, Renounce Religion


You were on level 3 of the Dungeon.
You worshipped Lugonu.
Lugonu was pleased with you.
You were hungry.

You visited 1 branch of the dungeon, and saw 3 of its levels.
You visited the Abyss 1 time.

You collected 141 gold pieces.

Inventory:

Hand Weapons
 a - a +1 hand axe (weapon)
Missiles
 f - 8 silver javelins (quivered)
Armour
 d - a +0 cloak (worn)
 k - a +0 buckler (worn)
 l - a +0 plate armour (worn)
Scrolls
 b - a scroll of identify
 g - a scroll of magic mapping
 h - a scroll of remove curse
Potions
 e - a potion of magic
Comestibles
 c - 5 rations


   Skills:
 + Level 3.6 Fighting
 + Level 2.2 Axes
 * Level 2.2 Armour
 * Level 1.2 Dodging
 * Level 2.4 Invocations


You had 3 spell levels left.
You didn't know any spells.
Your spell library was empty.

Dungeon Overview and Level Annotations

Branches:
Dungeon (3/15)

Altars:
Kikubaaqudgha
Uskayaw


Innate Abilities, Weirdness & Mutations

You have hooves in place of feet.
Armour fits poorly on your strangely shaped body.
You cover ground very quickly.
You have extremely tough skin. (AC +3)


Message History

The orc hits you but does no damage.
The orc wizard casts a spell.
The orc wizard blinks!
The goblin hits you but does no damage.
You hit the orc.
You kill the orc!
Lugonu accepts your kill.
Your plate armour prevents you from hitting the goblin.
You block the goblin's attack.
The orc wizard points at you and mumbles some strange words.
The magic dart hits you.
* * * LOW HITPOINT WARNING * * *
The goblin hits you but does no damage.
The orc wizard hits you but does no damage. x2
You barely miss the orc wizard.
The orc wizard is severely wounded.
Your plate armour prevents you from hitting the orc wizard.
You closely miss the goblin. The orc wizard casts a spell at you.
The magic dart hits you!
You die...

<.......#.#.[().#.# .
..............(#<#
#.####..#.....#.....#
..............#.###.#
####.....##.....# #.#
#........######## ###
...####..# ...#.(#go#
._.#.(#@)# ...#..#o.#
...####..# #........#
######...# #####


You could see 2 dancing weapons, 2 orc wizards and a goblin.

Vanquished Creatures
  A gnoll (D:1)
  2 adders (D:2)
  An ufetubus (Abyss:1)
  A dart slug (D:1)
  2 leopard geckos
  4 orcs (D:3)
  A giant cockroach (D:1)
  2 hobgoblins (D:1)
  2 jackals (D:1)
  8 bats
  2 frilled lizards (D:1)
  3 goblins (D:1)
  7 kobolds
  7 rats (D:1)
43 creatures vanquished.

Vanquished Creatures (others)
  2 starspawn tentacles (Abyss:1)
2 creatures vanquished.

Grand Total: 45 creatures vanquished

Notes
Turn   | Place    | Note
-------+----------+-------------------------------------------
     0 | Abyss:1  | Gargoyl the Centaur Abyssal Knight began the quest for the
                  | Orb.
     0 | Abyss:1  | Reached XP level 1. HP: 19/19 MP: 2/2
   136 | Abyss:1  | Noticed a tentacled starspawn
   198 | D:1      | Escaped the Abyss
   373 | D:1      | Reached XP level 2. HP: 15/26 MP: 3/3
   549 | D:1      | Reached * piety under Lugonu
  1324 | D:1      | Reached XP level 3. HP: 22/31 MP: 4/4
  1342 | D:1      | Reached skill level 1 in Dodging
  1878 | D:2      | Found an ancient bone altar of Kikubaaqudgha.
  2325 | D:2      | Reached XP level 4. HP: 38/39 MP: 5/5
  2495 | D:3      | Reached ** piety under Lugonu
  2504 | D:3      | Noticed a +0 hand axe
  2506 | D:3      | Noticed a +0 dagger
  2509 | D:3      | Found a hide-covered altar of Uskayaw.
  2530 | D:3      | HP: 1/39 [orc wizard/magic dart (6)]
  2531 | D:3      | Killed from afar by an orc wizard

Levels and vault maps discovered:
D:1:      dpeg_arrival_long_road, layout_basic, minmay_tromino_mix6
D:2:      layout_loops_cross, kiku_gazebo_pond_becter, first_ration
D:3:      layout_basic, lemuel_crystal_altar, dancing_weapons_uskayaw,
          marbit_many_paths, old_standard_altar

Skill      XL: |  1  2  3 |
---------------+----------+-----
Axes           | 2 |  2.2
Dodging        | 1 |  1.2
Armour         | 2 |  2.2
Fighting       | |  3.6
Invocations    | |  2.4

Action                   |  1- 3 |  4- 6 || total
-------------------------+-------+-------++-------
Melee: Hand axe          |    99 |    24 ||   123
       Kick              |    14 |     3 ||    17
Invok: Depart the Abyss  |     1 |       ||     1
  Use: Scroll            |     4 |       ||     4
       Potion            |       |     1 ||     1
  Eat: Chunk             |     3 |       ||     3
Armor: Leather armour    |    45 |       ||    45
       Scale mail        |    15 |       ||    15
       Plate armour      |     9 |    44 ||    53
Dodge: Dodged            |    65 |     1 ||    66
Block: Buckler           |       |    10 ||    10

Table legend:
 A = Non-vault XP
 B = Vault XP
 C = Vault XP percentage of total XP
 D = Non-vault monster count
 E = Vault monster count
 F = Vault count percentage of total count
                 A         B        C        D         E       F
            +---------+---------+-------+---------+---------+-------
      Total |     111 |       5 |   4.3 |      39 |       4 |   9.3
            +---------+---------+-------+---------+---------+-------
        D:1 |      51 |       5 |   8.9 |      24 |       4 |  14.3
        D:2 |      39 |       0 |   0.0 |       9 |       0 |   0.0
        D:3 |      13 |       0 |   0.0 |       5 |       0 |   0.0
    Abyss:1 |       8 |       0 |   0.0 |       1 |       0 |   0.0
            +---------+---------+-------+---------+---------+-------
